[Event "*** Titled Tuesday Blitz"]
[Site "Chess.com"]
[Date "2020.04.14"]
[Round "3"]
[White "jacky72"]
[Black "axvesik"]
[Result "1/2-1/2"]
[WhiteElo "2686"]
[BlackElo "2434"]
[TimeControl "180+1"]
[EndTime "10:28:39 PDT"]
[Termination "Game drawn by repetition"]

1. d4 Nf6 2. c4 e6 3. Nf3 d5 4.
Nc3 dxc4 5. e3 a6 6. Bxc4 b5 7.
Bb3 c5 8. O-O Bb7 9. e4 cxd4 10.
Nxd4 Nc6 11. Nxc6 Qxd1 12. Rxd1 Bxc6 13. e5 Nd7 14. Bf4 Bc5 15. Rac1 h6 16. Ne2 g5 17. Bg3 h5 18. h3 Rc8 19. a3 Ke7 20. Ba2 h4 21.
Bh2 g4 22. b4 Ba7 23. hxg4 h3 24. Nf4 hxg2 25. Nh5 Bf3 26. Re1 Bxg4 27. Nf6 Rxc1 28. Rxc1 Nxe5 29. Bxe5 Rh1+ 30. Kxg2 Rxc1 31. Nxg4 Rc2 32.
Bb3 Re2 33. Kf3 Re1 34. Bf6+ Kd6 35. Bc2 Rc1 36. Be4 Rc4 37. Bb7 Bd4 38. Bxa6 Bxf6 39. Nxf6 Rc3+ 40. Kf4 Rxa3 41. Bxb5 Rb3 42. Ne4+ Ke7 43.
Be2 Rxb4 44. Ke3 f5 45. Nc5 Kd6 46. Nd3 Ra4 47. f4 Re4+ 48. Kd2 Rd4 49. Bf3 Ra4 50. Ke3 Ra3 51. Ke2 Ra2+ 52. Ke3 Ra3 53. Bg2 Ra2 54. Kf3 Ra3 55. Bf1 Rb3 56. Ke3 Ra3 57. Be2 Kd5 58. Bf3+ Kd6 1/2-1/2

[Event "*** Titled Tuesday Blitz"]
[Site "Chess.com"]
[Date "2020.04.14"]
[Round "3"]
[White "tsvet2005"]
[Black "cancrushyou"]
[Result "0-1"]
[WhiteElo "2675"]
[BlackElo "2436"]
[TimeControl "180+1"]
[EndTime "10:28:39 PDT"]
[Termination "cancrushyou won on time"]

1. d4 d5 2. c4 e6 3. Nc3 Nf6 4. cxd5 exd5 5. Bg5 c6 6. e3 Nbd7 7. Bd3 Be7 8. Qc2 h6 9. Bh4 Nh5 10. Bxe7 Qxe7 11. Nge2 Nb6 12. O-O O-O 13. Rae1 Qg5 14. f4 Qh4 15. f5 Re8 16. e4 dxe4 17. Bxe4 Nf6 18. Ng3 Bd7 19. Qd3 Re7 20. Bf3 Rae8 21. Nce4 Nbd5 22. Kh1 Nxe4 23. Rxe4 Rxe4 24. Bxe4 Nf6 25.
Bf3 Qg5 26. d5 Re3 27. Qd4 cxd5 28. Bxd5 Nxd5 29. Qxd5 Bc6 30. Qd4 Re8 31. b4 a6 32. f6 g6 33. Qf2 h5 34. Ne2 Bb5 35. Re1 Rxe2 36. Rxe2 Bxe2 37. Qe1 Qe3 38. h3 Qe4 39. Qd2 Qe5 0-1

[Event "*** Titled Tuesday Blitz"]
[Site "Chess.com"]
[Date "2020.04.14"]
[Round "3"]
[White "kingnb"]
[Black "Tiqr777"]
[Result "1/2-1/2"]
[WhiteElo "2413"]
[BlackElo "2640"]
[TimeControl "180+1"]
[EndTime "10:28:39 PDT"]
[Termination "Game drawn by repetition"]

1. e4 c5 2. Nf3 a6 3. c3 g6 4. d4 cxd4 5. cxd4 Bg7 6. Nc3 d6 7. Bc4 Nf6 8. O-O O-O 9. e5 dxe5 10. dxe5 Qxd1 11. Rxd1 Ng4 12. Bf4 Nc6 13. Re1 Be6 14.
Bxe6 fxe6 15. Bg3 Rad8 16. h3 Nh6 17. Rad1 Nf5 18. Bh2 Nfd4 19. Nxd4 Nxd4 20. Ne4 b6 21. Kf1 h6 22. Rd2 Nc6 23. Rc2 Nxe5 24. Bxe5 Bxe5 25.
Ng5 hxg5 26. Rxe5 Rf6 27. Rxg5 Kf7 28. Ke2 Rd5 29. Rg3 Rdf5 30. Ke1 Rd5 31. Re3 e5 32. Ke2 Rfd6 33. Rf3+ Rf6 34. Re3 Rfd6 35. Rf3+ Rf6 36. Rxf6+ exf6 37. Rc7+ Ke6 38. Rc6+ Rd6 39. Rxd6+ Kxd6 40. Kd3 f5 41. g4 Kd5 42. gxf5 gxf5 43. f3 b5 44. b4 Ke6 45. Ke3 Kf6 46. Ke2 Kg5 47. Kf2 Kh4 48. Kg2 Kg5 49. Kf2 Kh4 50. Kg2 Kh5 51. Kg3 f4+ 52. Kf2 Kh4 53. Kg2 Kh5 54.
Kf2 Kh4 55. Kg2 Kh5 56. Kf2 1/2-1/2

[Event "*** Titled Tuesday Blitz"]
[Site "Chess.com"]
[Date "2020.04.14"]
[Round "3"]
[White "Alkhoori90"]
[Black "zacachess"]
[Result "1-0"]
[WhiteElo "2060"]
[BlackElo "2281"]
[TimeControl "180+1"]
[EndTime "10:28:39 PDT"]
[Termination "Alkhoori90 won on time"]

1. e4 c5 2. f4 d6 3. Nf3 Nf6 4. Nc3 g6 5. Bb5+ Nbd7 6. O-O Bg7 7.
Qe1 a6 8. Bxd7+ Nxd7 9. d3 b5 10.
Rb1 Bb7 11. Qh4 e6 12. Qh3 Qb6 13. f5 exf5 14. exf5 O-O-O 15. Ng5 Bd4+ 16. Be3 Bxe3+ 17. Qxe3 Ne5 18. fxg6 hxg6 19. Nxf7 Rxh2 20. Ne4 Rdh8 21. Nxe5 dxe5 22. Rf6 Qxf6 23. Qxc5+ Qc6 24. Qe7 Rh1+ 25. Kf2 Qb6+ 26. Nc5 Rxb1 27. Qd7+ Kb8 28. b4 Rxb4 29. Qe7 Rf4+ 30. Ke2 Rhf8 31. Nd7+ Ka7 32. Nxb6 Kxb6 33.
Qd6+ Bc6 34. Kd2 Rf2+ 35. Kc3 R2f4 36. Qxe5 b4+ 37. Kb2 R8f5 38. Qb8+ Bb7 39. Qe8 a5 40. Qxg6+ Rf6 41. Qg8 a4 42. a3 bxa3+ 43. Kxa3 R4f5 44.
g4 Rf4 45. g5 Rf8 46. Qe6+ Bc6 47. Qe3+ Ka5 48. Qc5+ Bb5 49. Qa7+ Ba6 50. Qc7+ Kb5 51.
c4+ 1-0

[Event "*** Titled Tuesday Blitz"]
[Site "Chess.com"]
[Date "2020.04.14"]
[Round "3"]
[White "Aronyak1"]
[Black "Superfelix"]
[Result "1/2-1/2"]
[WhiteElo "2735"]
[BlackElo "2535"]
[TimeControl "180+1"]
[EndTime "10:28:40 PDT"]
[Termination "Game drawn by repetition"]

1. c4 Nf6 2. Nc3 g6 3. Nf3 Bg7 4. g3 O-O 5. Bg2 d5 6. cxd5 Nxd5 7. O-O Nb6 8. d3 Nc6 9. Be3 e5 10. Rc1 Nd4 11. Qd2 c6 12. Bh6 Re8 13. Bxg7 Kxg7 14. Ne4 h6 15. Nc5 Qe7 16. Rfe1 Nxf3+ 17. exf3 Nd7 18. d4 Nxc5 19. Rxc5 Qd6 20. Rcxe5 Rxe5 21. Rxe5 Be6 22. a3 Rd8 23. Re4 c5 24. f4 cxd4 25.
Re5 b6 26. h4 h5 27. Be4 a6 28. Bd3 a5 29. Qe2 Rc8 30. Kh2 Rc1 31. Qd2 Qc7 32.
Bxg6 fxg6 33. Rxe6 Qc4 34. Re4 Rc2 35. Qxd4+ Qxd4 36. Rxd4 Rxf2+ 37. Kh3 Rxb2 38. Rd6 Rb3 39. Kg2 Rxa3 40. Rxb6 a4 41. Ra6 Ra1 42. Kf3 a3 43.
Kg2 Kf7 44. Kh2 a2 45. Kg2 Kg7 46. Ra7+ Kf6 47. Ra6+ Kf5 48. Ra4 Ke6 49. Ra5 Kd6 50.
Ra6+ Kc5 51. Ra8 Kd4 52. Rd8+ Ke4 53. Ra8 Kd4 54. Rd8+ Kc3 55. Rc8+ Kb4 56. Rb8+ Kc4 57. Rc8+ Kd5 58. Rd8+ Ke6 59. Ra8 Kf6 60. Ra5 Kf7 61.
Ra6 Kg7 62. Ra8 Kf6 63. Ra5 Ke6 64. Ra6+ Kf5 65. Ra5+ Ke4 66. Ra8 Kd4 1/2-1/2

[Event "*** Titled Tuesday Blitz"]
[Site "Chess.com"]
[Date "2020.04.14"]
[Round "3"]
[White "BelaKis"]
[Black "peixe64"]
[Result "0-1"]
[WhiteElo "2079"]
[BlackElo "2310"]
[TimeControl "180+1"]
[EndTime "10:28:40 PDT"]
[Termination "peixe64 won on time"]

1. Nf3 Nf6 2. g3 g6 3. Bg2 Bg7 4. O-O d5 5. c4 d4 6. d3 O-O 7. b4 a5 8. b5 Re8 9. a4 e5 10. Ra2 Nbd7 11. e4 dxe3 12. fxe3 e4 13. Nd4 Nc5 14. dxe4 Nfxe4 15. Bb2 Qg5 16. Qf3 Re7 17. Qf4 Nd3 18. Qxg5 Nxg5 19. Ba1 Rxe3 20. Nf3 Nxf3+ 21. Rxf3 Re1+ 22. Rf1 Rxf1+ 23. Bxf1 Bxa1 24.
Rxa1 Nc5 25. Nc3 Be6 26. Rd1 Kf8 27. Kf2 Ke7 28. Ke3 Rd8 29. Rxd8 Kxd8 30. Kd4 b6 31. Bg2 Ke7 32. h4 h6 33. Bf3 f5 34. Ke5 Nd7+ 35.
Kd4 Kd6 36. Bd5 Nc5 37. Bxe6 Kxe6 38. Nd5 Nxa4 39. Nxc7+ Kd6 40. Nd5 g5 41. h5 Nc5 42.
Nxb6 Ne6+ 43. Kc3 f4 0-1

[Event "*** Titled Tuesday Blitz"]
[Site "Chess.com"]
[Date "2020.04.14"]
[Round "3"]
[White "BasilSmash"]
[Black "pollo2016"]
[Result "1/2-1/2"]
[WhiteElo "2382"]
[BlackElo "2590"]
[TimeControl "180+1"]
[EndTime "10:28:41 PDT"]
[Termination "Game drawn by repetition"]

1. d4 Nf6 2. Nf3 b6 3. g3 Bb7 4. Bg2 g6 5. O-O Bg7 6. c4 O-O 7. Nc3 Ne4 8. Nxe4 Bxe4 9. Be3 c5 10. Qd2 cxd4 11. Bxd4 Nc6 12. Bxg7 Kxg7 13. Nd4 Bxg2 14. Kxg2 Qc8 15. Rac1 d6 16. b3 Ne5 17. Rfd1 h5 18.
Nf3 Nxf3 19. exf3 Qb7 20. Re1 Rac8 21. Re3 Rfd8 22. Rce1 e6 23. Qd4+ e5 24. Qe4 Qxe4 25. fxe4 f6 26. Rd3 Kf7 27. Red1 Ke6 28. f4 exf4 29.
gxf4 a5 30. Kf3 a4 31. Rd5 Rc5 32. R1d4 axb3 33. axb3 g5 34. h3 Rxd5 35. Rxd5 Ra8 36. Rb5 Ra1 37. Rxb6 Rf1+ 38. Kg2 Rxf4 39. c5 Rxe4 40.
Rxd6+ Ke5 41. Rd8 Re2+ 42. Kf3 Rc2 43. b4 Rc3+ 44. Kf2 f5 45. Ke2 g4 46. hxg4 hxg4 47. Rd3 Rc2+ 48. Rd2 Rxd2+ 49. Kxd2 g3 50. Ke3 f4+ 51.
Kf3 Kd5 52. Kg2 Kc6 53. Kf3 Kb5 54. Kg2 Kc6 55. Kf3 Kb5 56. Kg2 Kc6 1/2-1/2

[Event "*** Titled Tuesday Blitz"]
[Site "Chess.com"]
[Date "2020.04.14"]
[Round "3"]
[White "Peng_Li-Min"]
[Black "KacperPolOK"]
[Result "1-0"]
[WhiteElo "2633"]
[BlackElo "2243"]
[TimeControl "180+1"]
[EndTime "10:28:41 PDT"]
[Termination "Peng_Li-Min won by checkmate"]

1. c4 f5 2. d4 e6 3. Nf3 Nf6 4. Nc3 Bb4 5. Qc2 b6 6. g3 Bb7 7.
Bg2 O-O 8. O-O Bxc3 9. Qxc3 d6 10. Qc2 Qe7 11. b4 a5 12. bxa5 Rxa5 13. Bd2 Ra7 14. a4 Nbd7 15. Ra2 Rfa8 16. Rfa1 e5 17. Qxf5 Be4 18.
Qg5 Bc6 19. d5 Rxa4 20. Rxa4 Rxa4 21. Rxa4 Bxa4 22. Qe3 Nc5 23. Bb4 c6 24. Nd4 cxd5 25. cxd5 Bd7 26. Nc6 Qf7 27. Qa3 h6 28. Qa8+ Kh7 29.
Qb8 Nxd5 30. Nd8 Qg8 31. Bxc5 dxc5 32. Be4+ g6 33. Qd6 Nc3 34. Qxd7+ Qg7 35. Qc6 Nxe4 36. Qxe4 b5 37. Qd5 Qe7 38. Nc6 Qg5 39. Nxe5 Qc1+ 40.
Kg2 h5 41. Qf7+ Kh6 42. Qxg6# 1-0

[Event "*** Titled Tuesday Blitz"]
[Site "Chess.com"]
[Date "2020.04.14"]
[Round "3"]
[White "leopato"]
[Black "pichonazo"]
[Result "0-1"]
[WhiteElo "2085"]
[BlackElo "2374"]
[TimeControl "180+1"]
[EndTime "10:28:41 PDT"]
[Termination "pichonazo won by resignation"]

1. e4 Nc6 2. Nf3 d6 3. Bb5 Nf6 4. Nc3 e5 5. d4 exd4 6. Nxd4 Bd7 7. Bxc6 bxc6 8. O-O Be7 9. b3 O-O 10. Bb2 Re8 11. Re1 c5 12. Nde2 Bc6 13. Ng3 Nd7 14. Nd5 Bxd5 15. Qxd5 Bf6 16. Bxf6 Nxf6 17. Qg5 h6 18.
Qh4 Nd7 19. Qg4 Ne5 20. Qf5 Qd7 21. f3 Qxf5 22. Nxf5 h5 23. Rad1 a5 24. Ne3 a4 25.
Nd5 Ra7 26. f4 Nc6 27. c3 axb3 28. axb3 Rb8 29. Rb1 Kf8 30. Re2 Ne7 31. Ne3 Ra3 32. Reb2 Rba8 33. Nc4 Ra1 34. Kf2 Ke8 35. g3 Kd7 36. h3 Rxb1 37. Rxb1 Ra2+ 38. Rb2 Ra1 39. g4 h4 40. Kg2 Rc1 41. b4 Rxc3 42. Nd2 c4 43. b5 Rg3+ 44. Kh2 c3 45. Rc2 cxd2 46. Rxd2 Rb3 47. e5 Rxb5 48. exd6 cxd6 49. f5 g6 50. Kg2 gxf5 51. gxf5 Rxf5 52. Re2 Rg5+ 53. Kh2 Nf5 54. Rd2 Ke6 55. Rb2 d5 56. Rb7 f6 57. Rb8 Nd6 58.
Re8+ Nxe8 59. Kh1 d4 0-1

[Event "*** Titled Tuesday Blitz"]
[Site "Chess.com"]
[Date "2020.04.14"]
[Round "3"]
[White "Storne89"]
[Black "GHANDEEVAM2003"]
[Result "1-0"]
[WhiteElo "2613"]
[BlackElo "2906"]
[TimeControl "180+1"]
[EndTime "10:28:42 PDT"]
[Termination "Storne89 won by checkmate"]

1. e4 e6 2. d4 d5 3. Nc3 Nf6 4. Bg5 Be7 5. e5 Nfd7 6. Bxe7 Qxe7 7.
f4 a6 8. Qg4 g6 9. Nf3 c5 10. Bd3 Nc6 11. dxc5 Nxc5 12. O-O b5 13.
Qg3 Bb7 14. Qf2 Rc8 15. a3 O-O 16. b4 Nxd3 17. cxd3 Nxb4 18. axb4 Rxc3 19. Qd4 Rfc8 20. g4 Rc2 21. f5 exf5 22. gxf5 gxf5 23. Kh1 Qe6 24. Nh4 Kf8 25. Nxf5 R8c4 26. Qa7 Qxe5 27. Ng3 Rxh2+ 28. Kxh2 Rc2+ 29. Rf2 Rxf2+ 30. Qxf2 Qxa1 31. Qc5+ Kg8 32. Qe7 Qb2+ 33. Kg1 Qc1+ 34. Kh2 Qd2+ 35. Kg1 Qd1+ 36. Kh2 Qc2+ 37. Kg1 Bc8 38. Qe8+ Kg7 39. Qe5+ Kf8 40. Nh5 Qd1+ 41. Kh2 Qd2+ 42. Kg1 Qd1+ 43. Kh2 Qc2+ 44. Kg1 Be6 45. Qd6+ Kg8 46. Qd8# 1-0

[Event "*** Titled Tuesday Blitz"]
[Site "Chess.com"]
[Date "2020.04.14"]
[Round "3"]
[White "harvsp123"]
[Black "AvitalBor"]
[Result "0-1"]
[WhiteElo "2531"]
[BlackElo "2744"]
[TimeControl "180+1"]
[EndTime "10:28:43 PDT"]
[Termination "AvitalBor won by checkmate"]

1. e4 e5 2. Nf3 Nc6 3. Bb5 a6 4. Ba4 Nf6 5. O-O b5 6. Bb3 Bb7 7. d4 Nxd4 8. Bxf7+ Kxf7 9. Nxe5+ Kg8 10. Qxd4 d6 11.
Nf3 Nxe4 12. Nc3 d5 13. Bf4 c5 14. Qe5 Qf6 15. Nxe4 dxe4 16. Ng5 Qxe5 17. Bxe5 Re8 18. Bf4 h6 19. Nh3 g5 20. Be3 Rh7 21. Rad1 c4 22. c3 Rf7 23. Kh1 a5 24. Ng1 b4 25. Ne2 Ra8 26. Rd2 b3 27. a3 Bc8 28. h3 g4 29.
hxg4 Bxg4 30. Ng3 Re8 31. Rd4 Bg7 32. Rxc4 h5 33. Rxe4 Rd8 34. Ra4 Rd5 35. Ne4 Rfd7 36. Rc4 Be5 37. Rc8+ Kf7 38. Nc5 Rd1 39. Rg1 Rxg1+ 40.
Kxg1 Rd1# 0-1

[Event "*** Titled Tuesday Blitz"]
[Site "Chess.com"]
[Date "2020.04.14"]
[Round "3"]
[White "Chessmasterzt"]
[Black "goldenspine"]
[Result "1/2-1/2"]
[WhiteElo "2537"]
[BlackElo "2312"]
[TimeControl "180+1"]
[EndTime "10:28:43 PDT"]
[Termination "Game drawn by repetition"]

1. d4 Nf6 2. Nf3 e6 3. g3 b6 4. Bg2 Bb7 5. O-O Be7 6. c4 O-O 7. Re1 Ne4 8. Nfd2 d5 9. cxd5 exd5 10. Nc3 f5 11. Qb3 Kh8 12. Nf3 c5 13. dxc5 Nxc5 14. Qc2 Nbd7 15. Be3 Rc8 16. Rad1 Ne4 17. Bd4 Ndf6 18.
Qb3 Nc5 19. Qc2 Nfe4 20. Qb1 Nxc3 21. Bxc3 Ne4 22. Bd4 Bf6 23. Bxf6 Qxf6 24. e3 Rc4 25. Nd2 Rc7 26. Nf3 Rfc8 27. Rc1 Rc5 28. Rxc5 bxc5 29.
Rd1 Bc6 30. Qc2 Rb8 31. b3 a5 32. Nd2 Nc3 33. Re1 a4 34. Nb1 Ne4 35. Bxe4 fxe4 36. Qxc5 axb3 37. axb3 Rxb3 38. Nd2 Rb2 39. Qc1 h5 40. h4 Bb5 41. Qc8+ Kh7 42. Qc1 Bd3 43. Kg2 Rc2 44. Qd1 Qb2 45. Qxh5+ Kg8 46. Qe8+ Kh7 47. Qh5+ Kg8 48. Qe8+ Kh7 49. Qh5+ 1/2-1/2

[Event "*** Titled Tuesday Blitz"]
[Site "Chess.com"]
[Date "2020.04.14"]
[Round "3"]
[White "Andrei_Belozerov"]
[Black "Gabix_94"]
[Result "1/2-1/2"]
[WhiteElo "2653"]
[BlackElo "2858"]
[TimeControl "180+1"]
[EndTime "10:28:44 PDT"]
[Termination "Game drawn by repetition"]

1. e4 c5 2. Nf3 e6 3. d4 cxd4 4. Nxd4 Nc6 5. Nc3 Qc7 6. Be3 Nf6 7. f4 Bb4 8. Nb5 Qa5 9. e5 Nd5 10. Bd2 Nxc3 11. Nxc3 d5 12. a3 Be7 13. Bd3 Qb6 14.
Qg4 O-O 15. O-O-O Bd7 16. Nxd5 exd5 17. Qxd7 Rfd8 18. Qh3 g6 19. Rhe1 Rac8 20. f5 Nd4 21. e6 Nb3+ 22. Kb1 Nxd2+ 23. Rxd2 Bf6 24. exf7+ Kg7 25. c3 g5 26. Re6 Rc6 27. Qe3 Qxe3 28. Rxe3 Kxf7 29. Bc2 Kg7 30. Red3 Rcd6 31. Bb3 d4 32. c4 b6 33. Re2 h5 34. Ba4 Rc8 35.
b3 Rc5 36. Re6 Rxe6 37. fxe6 Re5 38. Bd7 Re1+ 39. Kc2 g4 40. b4 Kf8 41. c5 bxc5 42. bxc5 Ke7 43. c6 Be5 44. Rb3 Re2+ 45. Kd3 Re3+ 46.
Kc4 Rxb3 47. Kxb3 Bxh2 48. Kc4 Be5 49. Kd5 Bc7 50. Kxd4 h4 51. Ke4 h3 52. gxh3 gxh3 53. Kf3 a5 54. a4 Bd6 55. Kf2 Bc7 56. Kg1 h2+ 57. Kh1 Bd6 58. Kg2 Bc7 59. Kh1 Bd6 60.
Kg2 Bc7 61. Kh1 1/2-1/2

[Event "*** Titled Tuesday Blitz"]
[Site "Chess.com"]
[Date "2020.04.14"]
[Round "3"]
[White "Man-Chuk"]
[Black "elohunter1999"]
[Result "0-1"]
[WhiteElo "2744"]
[BlackElo "2475"]
[TimeControl "180+1"]
[EndTime "10:28:44 PDT"]
[Termination "elohunter1999 won on time"]

1. d4 Nf6 2. c4 e6 3. Nf3 d5 4.
Nc3 Be7 5. Bf4 O-O 6. Rc1 dxc4 7. e4 c5 8. Bxc4 cxd4 9. Nxd4 Bd7 10. O-O Nc6 11.
e5 Ne8 12. Ndb5 a6 13. Nd6 Nxd6 14. exd6 Bf6 15. Ne4 Ne5 16. Bb3 Rc8 17. Rxc8 Bxc8 18. Nxf6+ gxf6 19. h4 Kh8 20. Re1 Bd7 21. h5 Bc6 22.
Bxe5 fxe5 23. Rxe5 Rg8 24. f3 Qb6+ 25. Kh1 Qf2 26.
Qe2 Rxg2 27. Qxf2 Rxf2 28. Rc5 Rd2 29. h6 Rxd6 30. Kg2 e5 31. Rxe5 Rxh6 32. Bxf7 Bxf3+ 33. Kg3 Rf6 34. Bc4 Bc6 35. Re7 h6 36. b3 Rg6+ 37.
Kf4 b5 38. Be6 Rg5 39. Bf5 Kg8 0-1

[Event "*** Titled Tuesday Blitz"]
[Site "Chess.com"]
[Date "2020.04.14"]
[Round "3"]
[White "enriquetejedor"]
[Black "varacalli"]
[Result "1/2-1/2"]
[WhiteElo "2582"]
[BlackElo "2378"]
[TimeControl "180+1"]
[EndTime "10:28:44 PDT"]
[Termination "Game drawn by repetition"]

1. e4 e5 2. Nf3 Nc6 3. Bc4 Bc5 4. d3 Nf6 5. O-O d6 6. c3 Bb6 7. Nbd2 Ne7 8. a3 Ng6 9. Ba2 c6 10. h3 O-O 11. Nc4 Bc7 12. Re1 h6 13. d4 Re8 14.
dxe5 dxe5 15. Qxd8 Rxd8 16. Kh2 Be6 17. g3 Rd7 18. Kg2 Rad8 19. Ncd2 Bxa2 20. Rxa2 Bb6 21.
Nc4 Bc7 22. b4 b5 23. Ncd2 a5 24. a4 axb4 25. cxb4 bxa4 26. Rxa4 Rb8 27. Bb2 Bd6 28. Bc3 Rdb7 29. Rb1 Bf8 30. Nxe5 Nxe5 31. Bxe5 Rxb4 32. Bxf6 Rxb1 33. Nxb1 Rxb1 34. Bc3 Rb8 35. Rc4 c5 36. h4 h5 37. Kf3 g6 38. Bd2 Rb3+ 39. Ke2 Rb2 40. Ke1 Rb1+ 41. Ke2 Rb2 42. Kd1 Ra2 43.
Be3 Ra5 44. Ke2 Rb5 45. Kd3 Ra5 46. e5 Rb5 47. Ke4 Rb4 48. Kd5 Rb3 49. Bxc5 Bxc5 50.
Kxc5 Rb2 51. Rf4 Rd2 52. Kc4 Kg7 53. f3 Rg2 54. g4 Rh2 55. g5 Rd2 56. Rd4 Rf2 57.
Rf4 Rd2 58. Rd4 Rf2 59. Rd3 Rh2 60. Rd4 Re2 61. Re4 Rf2 62. Rf4 Rd2 1/2-1/2

[Event "*** Titled Tuesday Blitz"]
[Site "Chess.com"]
[Date "2020.04.14"]
[Round "3"]
[White "hellokostya"]
[Black "DinaBelenkaya"]
[Result "1-0"]
[WhiteElo "2514"]
[BlackElo "2176"]
[TimeControl "180+1"]
[EndTime "10:28:44 PDT"]
[Termination "hellokostya won on time"]

1. d4 Nf6 2. c4 c5 3. d5 d6 4. Nc3 e5 5. e4 Be7 6. Bd3 Nbd7 7. Be3 O-O 8. f3 Re8 9. Nge2 Nf8 10. Qd2 a6 11. a4 b6 12. O-O Ng6 13.
Rfb1 Nh5 14. b4 Ngf4 15. a5 Nxe2+ 16. Nxe2 bxa5 17. bxc5 dxc5 18. Qxa5 Bg5 19. Qxc5 Nf4 20. Nxf4 exf4 21. Bd4 Bh4 22. Ra2 Qg5 23. Kh1 Qh5 24. Qc6 Bh3 25. Bf1 Bg3 26. gxh3 Qxf3+ 27. Rg2 Rac8 28.
Qa4 Rxe4 29. hxg3 Rxd4 30. Re1 Re4 31. Rxe4 Qxe4 32. Qc2 Qe5 33. gxf4 Qxf4 34. Rf2 Qe5 35. Qe2 Qd4 36. Qf3 Rf8 37. Bg2 a5 38. Qf4 Qd1+ 39.
Kh2 a4 40. d6 a3 41. c5 Qb1 42.
Qc4 Qd1 43. Bd5 Qe1 44. Bxf7+ 1-0

[Event "*** Titled Tuesday Blitz"]
[Site "Chess.com"]
[Date "2020.04.14"]
[Round "3"]
[White "Tjktiger"]
[Black "DamianoLew95"]
[Result "1-0"]
[WhiteElo "2824"]
[BlackElo "2564"]
[TimeControl "180+1"]
[EndTime "10:28:45 PDT"]
[Termination "Tjktiger won on time"]

1. c4 g6 2. Nc3 Bg7 3. d4 d6 4.
Nf3 e5 5. dxe5 dxe5 6. Qxd8+ Kxd8 7. g3 c6 8. Bg2 h6 9. O-O Be6 10. b3 Nd7 11. Rd1 Kc7 12. Ba3 Bf8 13. Bb2 f6 14. Rac1 Bc5 15. Ne4 Be7 16. Nh4 Bf7 17. Bh3 Rd8 18.
f4 exf4 19. gxf4 Rh7 20. Nf3 f5 21. Ne5 Be8 22. Nxd7 Rxd7 23. Be5+ Kc8 24. Rxd7 Bxd7 25. Rd1 Bb4 26. Nd6+ Bxd6 27. Rxd6 Ne7 28. Rf6 Be8 29. e4 Rf7 30. Rxf7 Bxf7 31. Bd6 Kd7 32. Bxe7 Kxe7 33. exf5 g5 34. Kf2 Kf6 35. Ke3 Bh5 36. fxg5+ hxg5 37. Kd4 Bd1 38. Kc5 g4 39. Bg2 Bf3 40. Bf1 Ke5 41.
Bd3 b6+ 42. Kb4 1-0

[Event "*** Titled Tuesday Blitz"]
[Site "Chess.com"]
[Date "2020.04.14"]
[Round "3"]
[White "TengisChess"]
[Black "FILI86"]
[Result "1/2-1/2"]
[WhiteElo "2389"]
[BlackElo "2601"]
[TimeControl "180+1"]
[EndTime "10:28:45 PDT"]
[Termination "Game drawn by repetition"]

1. Nf3 c5 2. g3 Nc6 3. Bg2 g6 4. O-O Bg7 5. c4 Nh6 6. Nc3 Nf5 7. e4 Nfd4 8. Nxd4 Nxd4 9. d3 O-O 10. Be3 d6 11. Rb1 Bd7 12. a3 Rc8 13. b4 b6 14.
Ne2 e6 15. Nxd4 cxd4 16. Bf4 Bc6 17. b5 Bb7 18. a4 d5 19. cxd5 exd5 20. Re1 dxe4 21.
Bxe4 Bxe4 22. Rxe4 Rc3 23. Qe2 h6 24. Bd2 Rc2 25.
Rc1 Qc7 26. Rxc2 Qxc2 27. Bb4 Qb1+ 28. Qe1 Qxe1+ 29. Rxe1 Rc8 30. Kf1 Bf6 31. Bd2 Kg7 32. Rc1 Rxc1+ 33. Bxc1 g5 34. g4 Be5 35. h3 Kg6 36. Kg2 h5 37. Kf3 f5 38. gxh5+ Kxh5 39. Ba3 Kh4 40. Kg2 Kh5 41. Be7 Kh4 42. f3 Kh5 43.
Kf2 Kh4 44. Kg2 Kh5 45. Bd8 Kh4 46. a5 bxa5 47. Bxa5 g4 48. Be1+ Kg5 49. fxg4 fxg4 50. hxg4 Kxg4 51. Bd2 Bd6 52. Bc1 Bb4 53. Bh6 Bc5 54.
Bd2 Bd6 55. Kf2 Kf5 56. Kf3 Ke5 57. Ba5 Kd5 58. b6 axb6 59. Bxb6 Be5 60. Ba5 Bf6 61. Bd2 Be5 62. Bf4 Bf6 63. Kg4 Bg7 64. Kf5 Bf8 65. Be5 Bc5 66. Bf6 Bb4 67. Bg5 Bc3 68.
Bf4 Bb4 69. Kf6 Bc3 70. Bg5 Bb4 71. Kf5 Bc5 72. Bf4 Bb4 73. Bg3 Bc3 74. Bh4 Bb4 75. Bf6 Bc3 76. Be5 Bb4 77. Bf4 Bc3 78. Bg5 Bb4 79.
Bf6 Bc3 80. Be5 Bb4 81. Bf4 Bc3 82. Bg5 Bb4 83. Bf6 1/2-1/2

[Event "*** Titled Tuesday Blitz"]
[Site "Chess.com"]
[Date "2020.04.14"]
[Round "3"]
[White "Taran2004"]
[Black "ENEASZ"]
[Result "0-1"]
[WhiteElo "1996"]
[BlackElo "2503"]
[TimeControl "180+1"]
[EndTime "10:28:45 PDT"]
[Termination "ENEASZ won by checkmate"]

1. e4 d6 2. d4 Nf6 3. Nc3 e5 4. Nf3 Nbd7 5. Bc4 Be7 6. O-O O-O 7. a4 c6 8. h3 b6 9. Be3 a6 10. d5 c5 11. Nd2 Ne8 12. f4 exf4 13. Bxf4 Bf6 14. Nf3 Qe7 15. Re1 Ne5 16. Nxe5 Bxe5 17. Qf3 Nf6 18. Rad1 Bxf4 19. Qxf4 Nd7 20. Nb1 Ne5 21.
Bf1 Bd7 22. b3 b5 23. axb5 axb5 24. Nd2 Ra2 25. Bd3 Rc8 26. Nf3 c4 27. bxc4 bxc4 28. Bf1 Nxf3+ 29. Qxf3 Rxc2 30. Rc1 Rxc1 31. Rxc1 Qe5 32.
Qe3 c3 33. Ba6 Rc5 34. Rb1 h6 35. Bd3 Ba4 36. Rc1 Kh7 37. Bc2 Bxc2 38. Rxc2 Rc4 39. Qd3 Rc5 40. Kf2 h5 41. Kf3 g6 42. Qe3 Kg7 43.
Qf4 Qd4 44. Ke2 Qc4+ 45. Ke3 Qa4 46. Rf2 Qa7 47. Qf6+ Kg8 48. Qd8+ Kh7 49. Kd3 c2 50. Rxc2 Qa3+ 51. Kd2 Qb4+ 52. Kc1 Qe1+ 53. Kb2 Qb4+ 54. Kc1 Qe1+ 55. Kb2 Rb5+ 56. Ka2 Qb1+ 57. Ka3 Qb3# 0-1

[Event "*** Titled Tuesday Blitz"]
[Site "Chess.com"]
[Date "2020.04.14"]
[Round "3"]
[White "DenishevM"]
[Black "JoachimMouhamad"]
[Result "1-0"]
[WhiteElo "2612"]
[BlackElo "2242"]
[TimeControl "180+1"]
[EndTime "10:28:45 PDT"]
[Termination "DenishevM won on time"]

1. Nf3 Nf6 2. b3 g6 3. Bb2 Bg7 4. g3 O-O 5. Bg2 c5 6. c4 d5 7. cxd5 Qxd5 8. O-O Qh5 9. Nc3 Nc6 10. d3 Bh3 11.
Re1 Ng4 12. Bh1 Rad8 13. Qc1 b6 14. Qg5 Nf6 15. Qxh5 Nxh5 16. Rad1 e5 17. Ng5 Bd7 18. Nd5 Rfe8 19. Ne4 Nd4 20. e3 Ne6 21. g4 f5 22.
gxh5 fxe4 23. hxg6 exd3 24. gxh7+ Kxh7 25. Rxd3 Ng5 26. h4 e4 27. Rd2 Nf3+ 28. Bxf3 exf3 29. Bxg7 Kxg7 30. Red1 Kf7 31. Nf4 Rg8+ 32. Kh2 Ke7 33. Nd5+ Kf7 34. Nf4 Ke7 35. Rd5 Be6 36. Rxd8 Rxd8 37.
Rxd8 Kxd8 38. Nxe6+ Ke7 39. Ng5 1-0

[Event "*** Titled Tuesday Blitz"]
[Site "Chess.com"]
[Date "2020.04.14"]
[Round "3"]
[White "lachesisQ"]
[Black "Noukii"]
[Result "1-0"]
[WhiteElo "3086"]
[BlackElo "2711"]
[TimeControl "180+1"]
[EndTime "10:28:46 PDT"]
[Termination "lachesisQ won by resignation"]

1. c4 e5 2. Nc3 Bb4 3. Nd5 Na6 4. Nf3 e4 5. Nd4 Nf6 6. Nxb4 Nxb4 7. b3 O-O 8. Bb2 Re8 9. Nc2 Nxc2+ 10. Qxc2 d6 11. e3 Bf5 12. Be2 Bg6 13. Qc3 Re5 14. g4 Nd7 15. h4 h6 16. O-O-O a5 17. g5 h5 18. d4 Re8 19. c5 d5 20. c6 bxc6 21. Qxc6 Nb6 22.
a4 Rb8 23. Qc3 Ra8 24. Kb1 Re6 25. Rc1 c6 26. Ka2 Nd7 27. Ba3 Nb8 28. Qd2 Na6 29. Qd1 Qb6 30. Bxh5 Bxh5 31. Qxh5 Rb8 32. Qd1 Qd8 33. Rc3 Qe8 34. Qe2 Nb4+ 35. Bxb4 Rxb4 36. Rhc1 Qa8 37. Rc5 g6 38. h5 Qb7 39. R1c3 Qb6 40. Qg4 Kh7 41. Qf4 Kg8 42. h6 Qb7 43. Rxa5 f6 44.
gxf6 Qf7 45. h7+ Kxh7 46. Qh2+ Kg8 47. Ra8+ Re8 48. Rxe8+ Qxe8 49. Qd6 Qb8 50. Qxb8+ 1-0

[Event "*** Titled Tuesday Blitz"]
[Site "Chess.com"]
[Date "2020.04.14"]
[Round "3"]
[White "cukus"]
[Black "IljaZaragatski"]
[Result "1-0"]
[WhiteElo "2410"]
[BlackElo "2545"]
[TimeControl "180+1"]
[EndTime "10:28:46 PDT"]
[Termination "cukus won on time"]

1. e4 e6 2. d4 d5 3. Nc3 Nc6 4. e5 a6 5. Nce2 Bd7 6. h4 Nce7 7. c3 Bb5 8. a4 Bc4 9. b3 Bxe2 10. Bxe2 Nf5 11. h5 c5 12. Nf3 cxd4 13. g4 Nfh6 14. Nxd4 Ne7 15. O-O Nc6 16. Bf4 Be7 17. Bg3 O-O 18.
f4 Rc8 19. Bf2 Bh4 20. Be3 Kh8 21. Bd3 Ng8 22. g5 Nxd4 23. cxd4 f6 24. Qg4 Rc3 25.
Rad1 fxg5 26. fxg5 Rxf1+ 27. Kxf1 Qb6 28. Qxh4 Qxb3 29. Rb1 Qa2 30. Qf2 Qxf2+ 31. Bxf2 Rxd3 32. Rxb7 Ra3 33. Rb6 Rxa4 34. Rxe6 h6 35. g6 Ra1+ 36. Kg2 a5 37. Ra6 a4 38. e6 a3 39. Ra7 a2 40.
Bg3 Ne7 41. Be5 1-0